AoeStats
← AxingQuestions

African Clearing

506476580Analyzed
4v4 RM · 18d ago on Sep 13, 2026· 61m 17s· 8 players
Game mode
Random Map
Map size
Large (8 player)
Population
200
Speed
Normal
Resources
Standard
Victory
Conquest
Starting age
Dark Age
Ending age
Imperial Age
RankedLock teamsTeams togetherTeam positionsShared explorationLock speedFull tech treeHidden civsTurbo modeCheats
Victory
Defeat
🇩🇪 Armenians · Germany
1258
+13
🇧🇷 Tatars · Brazil
1246
+14
🇧🇷 Berbers · Brazil
1243
+14
🇵🇱 Burgundians · Poland
1196
+15
🇺🇸 Dravidians · United States
1219
-15
🇨🇦 Magyars · Canada
1202
-14
🇺🇸 Wei · United States
1184
-14
🇨🇦 Goths · Canada
1166
-13
AxingQuestions
8:06 Loom
13:55 Feudal Age
17:44 Castle Age
16:25 Double-Bit Axe
16:27 Horse Collar
18:53 Bow Saw
18:55 Heavy Plow
25:08 Wheelbarrow
26:22 Hand Cart
26:38 Stone Mining
30:57 Imperial Age
28:39 Scale Mail Armor
29:04 Town Watch
29:57 Chain Mail Armor
29:52 Forging
29:23 Pikeman
30:03 Squires
29:50 Arson
32:11 Iron Casting
31:46 Gold Mining
33:12 Two-Man Saw
32:34 Conscription
33:08 Wootz Steel
32:53 Elite Urumi Swordsman
34:14 Hoardings
36:18 Plate Mail Armor
36:26 Town Patrol
38:25 Blast Furnace
37:16 Fletching
37:45 Murder Holes
38:06 Masonry
Hero
6:18 Loom
14:34 Feudal Age
19:19 Castle Age
17:17 Double-Bit Axe
19:11 Scale Barding Armor
20:20 Bloodlines
20:06 Stone Mining
21:44 Wheelbarrow
21:32 Husbandry
21:55 Bow Saw
27:19 Fletching
30:05 Chain Barding Armor
31:46 Bodkin Arrow
35:41 Imperial Age
33:51 Ballistics
36:28 Heavy Hei Guang Cavalry
37:36 Fishing Lines
38:59 Thumb Ring
41:52 Parthian Tactics
43:47 Chemistry
43:17 Conscription
44:28 Ming Guang Armor
45:35 Bracer
45:36 Padded Archer Armor
49:57 Murder Holes
56:51 Forging
Yun
4:31 Loom
15:31 Feudal Age
15:38 Man-at-Arms
16:08 Double-Bit Axe
22:07 Castle Age
20:31 Horse Collar
21:43 Scale Mail Armor
22:42 Forging
24:46 Heavy Plow
28:26 Bow Saw
28:47 Stone Mining
31:52 Pikeman
33:53 Gold Mining
35:11 Wheelbarrow
37:06 Anarchy
38:05 Squires
39:08 Iron Casting
38:49 Chain Mail Armor
48:43 Imperial Age
47:18 Hand Cart
50:33 Two-Man Saw
49:00 Halberdier
50:59 Crop Rotation
51:26 Perfusion
54:48 Blast Furnace
58:58 Elite Huskarl
Dègno
5:27 Loom
14:08 Feudal Age
15:27 Double-Bit Axe
17:54 Bloodlines
22:50 Castle Age
22:32 Fletching
22:47 Gold Mining
22:58 Pikeman
25:22 Bodkin Arrow
24:53 Pikeman
57:37 Caravan
59:32 Wheelbarrow
jkeR.!
8:05 Loom
13:04 Feudal Age
17:47 Castle Age
15:51 Double-Bit Axe
15:46 Horse Collar
18:38 Cavalier
24:47 Heavy Plow
28:53 Husbandry
34:42 Bow Saw
34:39 Stone Mining
34:46 Gold Mining
41:14 Imperial Age
40:26 Wheelbarrow
42:17 Forging
43:47 Burgundian Vineyards
44:58 Hand Cart
46:49 Paladin
48:48 Iron Casting
49:20 Gold Shaft Mining
49:30 Crop Rotation
50:04 Two-Man Saw
50:53 Conscription
51:11 Scale Barding Armor
52:07 Blast Furnace
55:01 Chemistry
54:22 Ballistics
53:43 Treadmill Crane
54:46 Elite Coustillier
57:15 Chain Barding Armor
56:56 Scale Mail Armor
59:59 Plate Barding Armor
59:40 Chain Mail Armor
59:15 Fletching
59:26 Padded Archer Armor
59:27 Murder Holes
59:53 Bombard Tower
59:18 Arrowslits
60:15 Light Cavalry
Creed
10:56 Loom
11:52 Loom
14:56 Feudal Age
16:20 Man-at-Arms
17:02 Double-Bit Axe
18:23 Forging
18:22 Long Swordsman
19:19 Scale Mail Armor
22:58 Castle Age
21:20 Arson
23:41 Horse Collar
23:59 Gambesons
24:14 Squires
34:13 Two-Handed Swordsman
35:33 Heavy Plow
38:58 Bow Saw
38:42 Gold Mining
41:37 Imperial Age
39:44 Wheelbarrow
39:31 Champion
41:39 Iron Casting
41:36 Chain Mail Armor
42:32 Fletching
43:44 Blast Furnace
43:16 Plate Mail Armor
43:19 Capped Ram
44:36 Siege Ram
45:21 Town Watch
45:22 Loom
49:21 Gold Shaft Mining
51:35 Fereters
55:48 Stone Mining
58:45 Conscription
61:27 Hand Cart
GaloDoido
7:56 Loom
13:24 Feudal Age
19:08 Castle Age
17:14 Double-Bit Axe
25:56 Fishing Lines
26:59 Wheelbarrow
26:09 Town Watch
27:20 Fletching
27:58 Stone Mining
29:44 Ballistics
34:55 Imperial Age
32:28 Bodkin Arrow
32:34 Padded Archer Armor
32:34 Gold Mining
33:20 Stone Shaft Mining
33:13 Kasbah
34:46 Bow Saw
35:39 Gold Shaft Mining
36:35 Thumb Ring
35:52 Elite Genitour
36:42 Horse Collar
37:42 Conscription
38:23 Bracer
38:38 Leather Archer Armor
39:50 Elite Camel Archer
41:07 Ring Archer Armor
41:24 Bloodlines
41:15 Husbandry
42:25 Murder Holes
43:32 Chemistry
42:39 Siege Engineers
42:14 Treadmill Crane
45:27 Treadmill Crane
49:46 Hand Cart
52:29 Light Cavalry
55:23 Scale Barding Armor
55:29 Forging
54:42 Hussar
57:34 Chain Barding Armor
57:50 Iron Casting
dionathanbh
10:46 Loom
15:00 Feudal Age
15:59 Double-Bit Axe
17:32 Gold Mining
19:56 Castle Age
21:37 Bow Saw
23:00 Gold Shaft Mining
22:53 Fletching
24:39 Ballistics
25:01 Bodkin Arrow
26:56 Padded Archer Armor
28:32 Leather Archer Armor
37:46 Wheelbarrow
37:52 Husbandry
38:02 Bloodlines
38:17 Fishing Lines
39:24 Hand Cart
48:31 Imperial Age
45:47 Town Watch
47:48 Silk Armor
50:14 Heavy Cavalry Archer
50:15 Elite Genitour
52:32 Bracer
53:03 Ring Archer Armor
55:26 Chemistry
55:10 Scale Mail Armor
55:20 Forging
54:32 Man-at-Arms
55:13 Squires
54:58 Arson
55:44 Long Swordsman
57:19 Two-Handed Swordsman
59:34 Conscription
60:00 Iron Casting
59:31 Scale Barding Armor
Connection lost

Rejoining the realm…

Still unreachable

The connection could not be restored.

Session expired

The server has moved on; the page needs a fresh start.